[Event "Team 45 45 League T85"]
[Site "Internet Chess Club"]
[Date "2020.07.31"]
[Round "5"]
[White "AboardBuffalo"]
[Black "ghostfire"]
[Result "1-0"]
[WhiteElo "1573"]
[BlackElo "1632"]
[Opening "Sicilian: Najdorf"]
[ECO "B90"]
[Time "20:00:41"]
[TimeControl "2700+45"]

1. e4 c5 2. Nf3 d6 3. d4 cxd4 4. Nxd4 Nf6 5. Nc3 a6 6. f3 e5 7. Nb3 Be6 8. Be3
Be7 9. Qd2 Nbd7 10. O-O-O Rc8 11. g4 Bxb3 12. cxb3 h6 13. Kb1 b5 14. Be2 b4 15.
Nd5 Nxd5 16. Qxd5 Nf6 17. Qd2 a5 18. Rc1 O-O 19. h4 Rxc1+ 20. Rxc1 d5 21. g5 d4
22. Bf2 hxg5 23. Bg3 gxh4 24. Bxe5 Nh5 25. Qxd4 Qxd4 26. Bxd4 Nf4 27. Bc4 Rd8
28. Bb6 Rd2 29. Be3 Ne2 30. Bxd2 Nxc1 31. Bxc1 h3 32. Bf4 Bg5 33. Bh2 Kh7 34.
Bxf7 {Black resigns} 1-0